2468 views
Uploaded 2024-05-04 03:24:12
Game version 1.36 (6115)
43:55 long 4on4 ladder game on (8)Northshire_S2
Saved by GIGA
2468 views
Uploaded 2024-05-04 03:24:12
Game version 1.36 (6115)
43:55 long 4on4 ladder game on (8)Northshire_S2


171 units @ 16.9k
/ 2.4k
183 buildings @ 16.1k
/ 7.5k
DudeWhy
(236)
(43:43) : 

| Healing Salve | 1 | 100 |
| total: | 1 | 100g |
| Peasant | 18 | 1350 | / | 0 |
| total: | 18 | 1350g | / | 0w |
| Scout Tower | 9 | 270 | / | 180 |
| Arcane Tower | 3 | 210 | / | 150 |
| Guard Tower | 4 | 280 | / | 200 |
| Altar of Kings | 2 | 360 | / | 100 |
| Lumber Mill | 1 | 120 | / | 0 |
| Farm | 5 | 400 | / | 100 |
| Arcane Vault | 1 | 130 | / | 30 |
| Town Hall | 1 | 385 | / | 205 |
| Keep | 1 | 320 | / | 210 |
| Castle | 1 | 360 | / | 210 |
| total: | 19 | 1665g | / | 615w |
| 0:03 | Peasant |
| 0:06 | Altar of Kings |
| 0:10 | Peasant |
| 0:23 | Lumber Mill |
| 0:24 | Peasant |
| 0:30 | Farm |
| 0:35 | Farm |
| 0:39 | Peasant |
| 0:52 | Peasant |
| 1:08 | Peasant |
| 1:20 | Peasant |
| 1:24 | Scout Tower |
| 1:30 | Peasant |
| 1:47 | Peasant |
| 1:53 | Arcane Tower |
| 1:56 | Scout Tower |
| 2:02 | Scout Tower |
| 2:12 | Storm Bolt |
| 2:14 | Peasant |
| 2:20 | Arcane Vault |
| 2:28 | Guard Tower |
| 2:35 | Guard Tower |
| 2:38 | Arcane Tower |
| 2:42 | Scout Tower |
| 2:52 | Scout Tower |
| 3:15 | Arcane Tower |
| 3:18 | Scout Tower |
| 3:35 | Peasant |
| 3:35 | Peasant |
| 4:07 | Town Hall |
| 4:20 | Peasant |
| 4:37 | Scout Tower |
| 4:38 | Scout Tower |
| 5:35 | Guard Tower |
| 5:37 | Scout Tower |
| 5:45 | Keep |
| 5:50 | Peasant |
| 5:50 | Peasant |
| 5:51 | Peasant |
| 5:57 | Healing Salve |
| 6:27 | Guard Tower |
| 6:29 | Improved Lumber Harvesting |
| 6:29 | Improved Masonry |
| 9:08 | Advanced Lumber Harvesting |
| 9:09 | Advanced Masonry |
| 9:15 | Peasant |
| 9:15 | Peasant |
| 10:45 | Holy Light |
| 20:53 | Storm Bolt |
| 20:54 | Bash |
| 22:26 | Altar of Kings |
| 23:31 | Storm Bolt |
| 25:49 | Farm |
| 25:52 | Farm |
| 26:03 | Storm Bolt |
| 28:08 | Farm |
| 30:54 | Castle |
| 32:04 | Bash |
| 32:06 | Holy Light |
| 36:02 | Divine Shield |
| 36:02 | Holy Light |
| Right click | 2192 |
| Select group | 644 |
| Select | 309 |
| Use ability | 136 |
| Resource trade | 88 |
| Misc. action | 63 |
| Build/train/purchase | 59 |
| Assign group | 12 |
| Minimap ping | 11 |
| Esc | 1 |


| Peasant | 15 | 1125 | / | 0 |
| Flying Machine | 31 | 3100 | / | 930 |
| Dragonhawk Rider | 9 | 1800 | / | 270 |
| total: | 55 | 6025g | / | 1200w |
| Scout Tower | 13 | 390 | / | 260 |
| Arcane Tower | 3 | 210 | / | 150 |
| Guard Tower | 1 | 70 | / | 50 |
| Altar of Kings | 2 | 360 | / | 100 |
| Farm | 14 | 1120 | / | 280 |
| Lumber Mill | 1 | 120 | / | 0 |
| Blacksmith | 1 | 140 | / | 60 |
| Arcane Vault | 2 | 260 | / | 60 |
| Town Hall | 1 | 385 | / | 205 |
| Cannon Tower | 3 | 360 | / | 300 |
| Workshop | 3 | 420 | / | 420 |
| Gryphon Aviary | 1 | 140 | / | 150 |
| Keep | 1 | 320 | / | 210 |
| Castle | 1 | 360 | / | 210 |
| total: | 38 | 3335g | / | 1535w |
| 0:03 | Peasant |
| 0:03 | Peasant |
| 0:06 | Altar of Kings |
| 0:09 | Farm |
| 0:10 | Farm |
| 0:19 | Peasant |
| 0:34 | Lumber Mill |
| 0:55 | Peasant |
| 0:55 | Peasant |
| 1:11 | Peasant |
| 1:27 | Improved Lumber Harvesting |
| 1:30 | Peasant |
| 1:53 | Peasant |
| 1:58 | Scout Tower |
| 2:05 | Improved Masonry |
| 2:14 | Storm Bolt |
| 2:17 | Peasant |
| 2:17 | Peasant |
| 2:17 | Peasant |
| 2:24 | Arcane Tower |
| 2:59 | Blacksmith |
| 3:01 | Farm |
| 3:08 | Keep |
| 3:15 | Scout Tower |
| 3:16 | Scout Tower |
| 4:21 | Guard Tower |
| 4:30 | Farm |
| 4:31 | Farm |
| 4:49 | Black Gunpowder |
| 5:32 | Workshop |
| 5:35 | Workshop |
| 5:37 | Castle |
| 5:38 | Advanced Masonry |
| 5:46 | Iron Plating |
| 6:36 | Workshop |
| 6:39 | Gryphon Aviary |
| 6:40 | Flying Machine |
| 6:41 | Flak Cannons |
| 7:16 | Flying Machine |
| 7:18 | Flying Machine |
| 7:25 | Holy Light |
| 7:50 | Flying Machine |
| 7:50 | Flying Machine |
| 7:55 | Farm |
| 7:56 | Refined Gunpowder |
| 8:03 | Imbued Masonry |
| 8:09 | Farm |
| 8:11 | Flying Machine Bombs |
| 8:13 | Flying Machine |
| 8:20 | Farm |
| 8:26 | Bash |
| 8:29 | Bash |
| 9:04 | Flying Machine |
| 9:09 | Arcane Vault |
| 9:13 | Imbued Gunpowder |
| 9:13 | Steel Plating |
| 9:19 | Farm |
| 9:22 | Flying Machine |
| 9:47 | Flying Machine |
| 9:47 | Flying Machine |
| 10:22 | Flying Machine |
| 11:05 | Flying Machine |
| 11:05 | Flying Machine |
| 11:05 | Flying Machine |
| 11:05 | Flying Machine |
| 11:07 | Cloud |
| 11:08 | Dragonhawk Rider |
| 11:08 | Dragonhawk Rider |
| 11:44 | Flying Machine |
| 11:46 | Farm |
| 15:21 | Flying Machine |
| 15:21 | Flying Machine |
| 15:26 | Peasant |
| 15:26 | Peasant |
| 15:27 | Peasant |
| 15:27 | Peasant |
| 16:27 | Divine Shield |
| 17:38 | Flying Machine |
| 17:38 | Flying Machine |
| 18:38 | Town Hall |
| 20:08 | Farm |
| 20:08 | Farm |
| 21:16 | Arcane Vault |
| 21:58 | Flying Machine |
| 21:58 | Flying Machine |
| 21:58 | Flying Machine |
| 22:00 | Dragonhawk Rider |
| 22:01 | Dragonhawk Rider |
| 22:01 | Dragonhawk Rider |
| 22:01 | Dragonhawk Rider |
| 22:33 | Farm |
| 22:34 | Farm |
| 25:26 | Altar of Kings |
| 25:34 | Holy Light |
| 32:04 | Flying Machine |
| 32:04 | Flying Machine |
| 32:05 | Flying Machine |
| 32:05 | Flying Machine |
| 32:06 | Dragonhawk Rider |
| 32:06 | Dragonhawk Rider |
| 32:06 | Dragonhawk Rider |
| 33:40 | Divine Shield |
| 33:43 | Bash |
| 34:19 | Flying Machine |
| 34:19 | Flying Machine |
| 36:07 | Scout Tower |
| 36:08 | Scout Tower |
| 36:09 | Scout Tower |
| 36:10 | Scout Tower |
| 36:10 | Scout Tower |
| 36:11 | Scout Tower |
| 36:12 | Scout Tower |
| 36:13 | Scout Tower |
| 36:13 | Scout Tower |
| 36:14 | Scout Tower |
| 37:29 | Cannon Tower |
| 37:31 | Cannon Tower |
| 37:32 | Arcane Tower |
| 39:33 | Cannon Tower |
| 39:35 | Arcane Tower |
| 42:33 | Storm Bolt |
| 43:00 | Flying Machine |
| 43:12 | Flying Machine |
| Right click | 3495 |
| Select group | 3229 |
| Select | 573 |
| Build/train/purchase | 106 |
| Use ability | 43 |
| Minimap ping | 43 |
| Assign group | 25 |
| Misc. action | 3 |
| Esc | 2 |
uhhwats
(11)
(43:42) : 

| Peasant | 38 | 2850 | / | 0 |
| Mortar Team | 13 | 2340 | / | 910 |
| Goblin Shredder | 1 | 375 | / | 100 |
| total: | 52 | 5565g | / | 1010w |
| Scout Tower | 72 | 2160 | / | 1440 |
| Arcane Tower | 11 | 770 | / | 550 |
| Guard Tower | 20 | 1400 | / | 1000 |
| Altar of Kings | 1 | 180 | / | 50 |
| Farm | 13 | 1040 | / | 260 |
| Lumber Mill | 4 | 480 | / | 0 |
| Blacksmith | 1 | 140 | / | 60 |
| Town Hall | 5 | 1925 | / | 1025 |
| Workshop | 2 | 280 | / | 280 |
| Arcane Sanctum | 1 | 150 | / | 140 |
| Keep | 1 | 320 | / | 210 |
| Castle | 1 | 360 | / | 210 |
| total: | 99 | 6355g | / | 3255w |
| 0:01 | Peasant |
| 0:02 | Peasant |
| 0:08 | Altar of Kings |
| 0:10 | Peasant |
| 0:22 | Farm |
| 0:24 | Scout Tower |
| 0:25 | Farm |
| 0:27 | Scout Tower |
| 0:28 | Peasant |
| 0:40 | Peasant |
| 1:00 | Peasant |
| 1:14 | Peasant |
| 1:15 | Peasant |
| 1:25 | Arcane Tower |
| 1:36 | Lumber Mill |
| 1:45 | Lumber Mill |
| 1:49 | Peasant |
| 2:06 | Peasant |
| 2:10 | Lumber Mill |
| 2:21 | Storm Bolt |
| 2:50 | Scout Tower |
| 2:50 | Scout Tower |
| 2:51 | Scout Tower |
| 2:52 | Scout Tower |
| 2:53 | Scout Tower |
| 2:54 | Scout Tower |
| 2:54 | Scout Tower |
| 2:55 | Scout Tower |
| 2:56 | Scout Tower |
| 2:57 | Scout Tower |
| 2:58 | Scout Tower |
| 2:58 | Scout Tower |
| 2:59 | Scout Tower |
| 3:00 | Scout Tower |
| 3:18 | Peasant |
| 3:19 | Peasant |
| 3:19 | Peasant |
| 3:19 | Peasant |
| 3:38 | Arcane Tower |
| 3:39 | Arcane Tower |
| 3:49 | Arcane Tower |
| 4:13 | Arcane Tower |
| 4:18 | Scout Tower |
| 4:18 | Scout Tower |
| 4:19 | Scout Tower |
| 4:37 | Guard Tower |
| 4:43 | Farm |
| 4:44 | Farm |
| 4:46 | Scout Tower |
| 4:47 | Scout Tower |
| 4:50 | Improved Masonry |
| 4:53 | Guard Tower |
| 5:09 | Improved Lumber Harvesting |
| 5:37 | Guard Tower |
| 5:49 | Goblin Shredder |
| 5:59 | Guard Tower |
| 6:08 | Scout Tower |
| 6:08 | Scout Tower |
| 6:09 | Scout Tower |
| 6:09 | Scout Tower |
| 6:10 | Scout Tower |
| 6:11 | Scout Tower |
| 6:12 | Scout Tower |
| 6:13 | Scout Tower |
| 6:43 | Keep |
| 7:13 | Blacksmith |
| 7:24 | Arcane Tower |
| 7:50 | Arcane Tower |
| 7:58 | Guard Tower |
| 8:05 | Scout Tower |
| 8:06 | Scout Tower |
| 8:06 | Scout Tower |
| 8:07 | Scout Tower |
| 8:13 | Scout Tower |
| 8:13 | Scout Tower |
| 8:47 | Black Gunpowder |
| 8:57 | Arcane Tower |
| 8:58 | Guard Tower |
| 9:00 | Scout Tower |
| 9:11 | Scout Tower |
| 9:11 | Scout Tower |
| 9:13 | Scout Tower |
| 9:17 | Scout Tower |
| 9:18 | Scout Tower |
| 9:19 | Scout Tower |
| 9:19 | Scout Tower |
| 9:20 | Scout Tower |
| 9:25 | Scout Tower |
| 9:28 | Arcane Tower |
| 9:29 | Guard Tower |
| 9:44 | Guard Tower |
| 9:46 | Guard Tower |
| 9:59 | Scout Tower |
| 10:01 | Scout Tower |
| 10:06 | Scout Tower |
| 10:08 | Guard Tower |
| 10:15 | Guard Tower |
| 10:19 | Advanced Masonry |
| 10:30 | Castle |
| 10:52 | Workshop |
| 11:02 | Guard Tower |
| 11:03 | Guard Tower |
| 11:05 | Guard Tower |
| 11:45 | Refined Gunpowder |
| 11:50 | Flare |
| 11:54 | Workshop |
| 12:02 | Holy Light |
| 12:52 | Fragmentation Shards |
| 12:54 | Imbued Masonry |
| 13:01 | Imbued Gunpowder |
| 13:52 | Farm |
| 13:53 | Farm |
| 13:53 | Farm |
| 13:56 | Farm |
| 13:56 | Farm |
| 13:57 | Farm |
| 13:58 | Farm |
| 13:58 | Farm |
| 13:59 | Farm |
| 14:08 | Studded Leather Armor |
| 15:04 | Mortar Team |
| 15:05 | Mortar Team |
| 15:20 | Town Hall |
| 15:33 | Reinforced Leather Armor |
| 16:37 | Peasant |
| 16:37 | Peasant |
| 16:38 | Peasant |
| 16:38 | Peasant |
| 16:38 | Peasant |
| 16:46 | Mortar Team |
| 17:25 | Arcane Sanctum |
| 18:11 | Scout Tower |
| 18:15 | Scout Tower |
| 18:18 | Scout Tower |
| 18:22 | Magic Sentry |
| 18:53 | Town Hall |
| 19:04 | Dragonhide Armor |
| 19:11 | Mortar Team |
| 19:23 | Arcane Tower |
| 19:26 | Arcane Tower |
| 19:39 | Scout Tower |
| 19:40 | Scout Tower |
| 19:41 | Scout Tower |
| 19:42 | Scout Tower |
| 19:43 | Scout Tower |
| 19:43 | Scout Tower |
| 19:52 | Scout Tower |
| 19:52 | Scout Tower |
| 19:53 | Scout Tower |
| 19:54 | Scout Tower |
| 19:57 | Scout Tower |
| 21:22 | Town Hall |
| 22:37 | Lumber Mill |
| 22:50 | Divine Shield |
| 23:07 | Guard Tower |
| 23:11 | Guard Tower |
| 24:57 | Mortar Team |
| 24:57 | Mortar Team |
| 25:49 | Scout Tower |
| 25:51 | Scout Tower |
| 26:59 | Scout Tower |
| 27:00 | Scout Tower |
| 27:01 | Scout Tower |
| 27:01 | Scout Tower |
| 27:02 | Scout Tower |
| 27:03 | Peasant |
| 27:04 | Peasant |
| 27:10 | Peasant |
| 27:15 | Peasant |
| 27:34 | Scout Tower |
| 27:34 | Scout Tower |
| 27:35 | Scout Tower |
| 27:40 | Guard Tower |
| 28:00 | Guard Tower |
| 28:18 | Peasant |
| 28:19 | Peasant |
| 28:19 | Peasant |
| 28:20 | Peasant |
| 28:45 | Mortar Team |
| 29:49 | Town Hall |
| 30:49 | Guard Tower |
| 31:24 | Guard Tower |
| 31:52 | Bash |
| 32:09 | Mortar Team |
| 33:56 | Peasant |
| 33:57 | Peasant |
| 33:57 | Peasant |
| 33:57 | Peasant |
| 33:58 | Peasant |
| 34:02 | Peasant |
| 34:02 | Peasant |
| 34:03 | Peasant |
| 34:03 | Peasant |
| 34:03 | Peasant |
| 34:31 | Peasant |
| 36:37 | Mortar Team |
| 37:08 | Mortar Team |
| 37:44 | Mortar Team |
| 38:05 | Mortar Team |
| 38:15 | Divine Shield |
| 42:57 | Mortar Team |
| 43:33 | Town Hall |
| Right click | 1754 |
| Select | 597 |
| Select group | 381 |
| Build/train/purchase | 118 |
| Resource trade | 73 |
| Use ability | 28 |
| Minimap ping | 23 |
| Assign group | 15 |
| Misc. action | 11 |
| Remove unit | 5 |
| Esc | 2 |
Cabeelibob
(194)
(43:44) : 
| Healing Salve | 2 | 200 |
| Lesser Clarity Potion | 5 | 350 |
| Orb of Lightning | 1 | 375 |
| Tiny Great Hall | 3 | 1800 |
| Potion of Mana | 6 | 1200 |
| Potion of Healing | 2 | 300 |
| Boots of Speed | 1 | 250 |
| Staff of Teleportation | 1 | 150 |
| total: | 21 | 4625g |
| Peon | 39 | 2925 | / | 0 |
| Troll Witch Doctor | 5 | 725 | / | 125 |
| Shaman | 2 | 260 | / | 40 |
| total: | 46 | 3910g | / | 165w |
| Watch Tower | 11 | 1210 | / | 880 |
| Altar of Storms | 2 | 360 | / | 100 |
| Orc Burrow | 4 | 640 | / | 160 |
| War Mill | 3 | 615 | / | 0 |
| Great Hall | 4 | 1540 | / | 740 |
| Voodoo Lounge | 2 | 260 | / | 60 |
| Spirit Lodge | 1 | 150 | / | 150 |
| Stronghold | 2 | 630 | / | 380 |
| Fortress | 1 | 325 | / | 190 |
| total: | 27 | 4775g | / | 2090w |
| 0:04 | Altar of Storms |
| 0:08 | Orc Burrow |
| 0:11 | Peon |
| 0:11 | Peon |
| 0:25 | Peon |
| 0:49 | War Mill |
| 0:52 | War Mill |
| 0:56 | Peon |
| 1:15 | Peon |
| 1:15 | Peon |
| 1:27 | Orc Burrow |
| 1:32 | Peon |
| 1:59 | Peon |
| 2:14 | Wind Walk |
| 2:18 | Peon |
| 2:18 | Peon |
| 2:22 | Watch Tower |
| 2:47 | Peon |
| 2:47 | Peon |
| 2:48 | Peon |
| 2:48 | Peon |
| 2:48 | Peon |
| 2:48 | Peon |
| 3:40 | Great Hall |
| 4:04 | Orc Burrow |
| 4:09 | Voodoo Lounge |
| 4:16 | Peon |
| 4:18 | Stronghold |
| 4:47 | Voodoo Lounge |
| 5:02 | Watch Tower |
| 5:09 | Boots of Speed |
| 5:54 | Watch Tower |
| 6:20 | Critical Strike |
| 6:28 | Stronghold |
| 6:30 | Healing Salve |
| 6:43 | Watch Tower |
| 9:00 | Fortress |
| 9:11 | Lesser Clarity Potion |
| 10:11 | Watch Tower |
| 10:12 | Watch Tower |
| 10:13 | Watch Tower |
| 12:08 | Critical Strike |
| 12:55 | Spirit Lodge |
| 14:24 | War Mill |
| 15:38 | Watch Tower |
| 15:47 | Orb of Lightning |
| 16:05 | Witch Doctor Adept Training |
| 17:38 | Witch Doctor Master Training |
| 17:39 | Troll Witch Doctor |
| 17:39 | Troll Witch Doctor |
| 17:39 | Troll Witch Doctor |
| 17:39 | Troll Witch Doctor |
| 18:36 | Tiny Great Hall |
| 19:26 | Peon |
| 19:26 | Peon |
| 19:26 | Peon |
| 20:27 | Staff of Teleportation |
| 20:53 | Peon |
| 20:53 | Peon |
| 22:03 | Tiny Great Hall |
| 22:49 | Peon |
| 22:49 | Peon |
| 22:49 | Peon |
| 22:51 | Peon |
| 22:51 | Peon |
| 23:35 | Wind Walk |
| 25:27 | Potion of Mana |
| 25:34 | Tiny Great Hall |
| 27:22 | Peon |
| 27:22 | Peon |
| 27:22 | Peon |
| 27:25 | Peon |
| 27:25 | Peon |
| 27:25 | Peon |
| 27:26 | Peon |
| 27:26 | Peon |
| 27:49 | Potion of Mana |
| 27:52 | Lesser Clarity Potion |
| 28:43 | Altar of Storms |
| 28:50 | Shaman Adept Training |
| 28:54 | Peon |
| 29:45 | Great Hall |
| 30:17 | Shaman Master Training |
| 30:18 | Shaman |
| 30:18 | Shaman |
| 30:18 | Troll Witch Doctor |
| 31:13 | Watch Tower |
| 31:14 | Watch Tower |
| 31:15 | Watch Tower |
| 31:44 | Orc Burrow |
| 32:03 | Potion of Mana |
| 32:05 | Lesser Clarity Potion |
| 32:56 | Critical Strike |
| 35:00 | Great Hall |
| 35:15 | Potion of Healing |
| 35:18 | Potion of Mana |
| 35:21 | Healing Salve |
| 35:26 | Lesser Clarity Potion |
| 37:02 | Potion of Healing |
| 37:05 | Potion of Mana |
| 37:26 | Great Hall |
| 37:57 | Bladestorm |
| 39:06 | Potion of Mana |
| 39:08 | Lesser Clarity Potion |
| 41:33 | Peon |
| 41:33 | Peon |
| 41:33 | Peon |
| Right click | 1372 |
| Select | 204 |
| Select group | 180 |
| Misc. action | 169 |
| Build/train/purchase | 148 |
| Resource trade | 30 |
| Chat | 22 |
| Use ability | 19 |
| Item give/drop | 15 |
| Assign group | 5 |
| Minimap ping | 5 |
| Remove unit | 3 |
210 units @ 32.9k
/ 6.2k
160 buildings @ 21.9k
/ 9.7k



| Sacrificial Skull | 2 | 100 |
| Orb of Corruption | 2 | 750 |
| Potion of Healing | 2 | 300 |
| Scroll of Town Portal | 6 | 2100 |
| Scroll of Healing | 1 | 250 |
| Boots of Speed | 3 | 750 |
| total: | 16 | 4250g |
| Acolyte | 9 | 675 | / | 0 |
| Ghoul | 14 | 1680 | / | 0 |
| Obsidian Statue | 6 | 1200 | / | 210 |
| Gargoyle | 3 | 525 | / | 90 |
| Banshee | 7 | 1085 | / | 210 |
| Abomination | 1 | 240 | / | 70 |
| Meat Wagon | 1 | 230 | / | 50 |
| Peon | 5 | 375 | / | 0 |
| total: | 46 | 6010g | / | 630w |
| Spirit Tower | 6 | 870 | / | 240 |
| Ziggurat | 8 | 1200 | / | 400 |
| Crypt | 1 | 200 | / | 50 |
| Graveyard | 2 | 430 | / | 0 |
| Altar of Darkness | 1 | 180 | / | 50 |
| Tomb of Relics | 2 | 260 | / | 60 |
| Necropolis | 3 | 675 | / | 0 |
| Slaughterhouse | 2 | 280 | / | 270 |
| Temple of the Damned | 2 | 310 | / | 280 |
| Sacrificial Pit | 1 | 75 | / | 150 |
| Halls of the Dead | 1 | 320 | / | 210 |
| Black Citadel | 1 | 325 | / | 230 |
| Watch Tower | 8 | 880 | / | 640 |
| Great Hall | 3 | 1155 | / | 555 |
| Orc Burrow | 2 | 320 | / | 80 |
| War Mill | 2 | 410 | / | 0 |
| Altar of Storms | 1 | 180 | / | 50 |
| Town Hall | 1 | 385 | / | 205 |
| Voodoo Lounge | 1 | 130 | / | 30 |
| Stronghold | 1 | 315 | / | 190 |
| total: | 40 | 7070g | / | 2820w |
| 0:03 | Acolyte |
| 0:06 | Ziggurat |
| 0:11 | Crypt |
| 0:15 | Acolyte |
| 0:42 | Graveyard |
| 1:02 | Acolyte |
| 1:13 | Ghoul |
| 1:13 | Ghoul |
| 1:42 | Ghoul |
| 1:55 | Halls of the Dead |
| 2:16 | Altar of Darkness |
| 2:32 | Ziggurat |
| 3:02 | Tomb of Relics |
| 3:12 | Ghoul |
| 3:17 | Ziggurat |
| 3:33 | Ghoul |
| 3:53 | Ghoul |
| 4:09 | Unholy Strength |
| 4:32 | Sacrificial Skull |
| 4:42 | Death Coil |
| 4:45 | Ghoul |
| 4:49 | Howl of Terror |
| 5:08 | Ghoul |
| 5:47 | Ziggurat |
| 5:54 | Slaughterhouse |
| 6:07 | Ghoul |
| 6:25 | Ghoul |
| 6:27 | Black Citadel |
| 6:37 | Unholy Aura |
| 6:38 | Cleaving Attack |
| 7:02 | Necropolis |
| 7:13 | Obsidian Statue |
| 7:37 | Ghoul |
| 7:39 | Sacrificial Skull |
| 7:43 | Ghoul |
| 7:53 | Obsidian Statue |
| 8:11 | Ghoul |
| 8:26 | Boots of Speed |
| 8:37 | Ziggurat |
| 8:39 | Ghoul |
| 9:11 | Acolyte |
| 9:11 | Acolyte |
| 9:11 | Acolyte |
| 9:11 | Acolyte |
| 10:04 | Ziggurat |
| 10:14 | Ziggurat |
| 10:28 | Destroyer Form |
| 10:31 | Slaughterhouse |
| 11:03 | Ghoul Frenzy |
| 11:12 | Obsidian Statue |
| 11:39 | Temple of the Damned |
| 11:39 | Temple of the Damned |
| 11:55 | Death Coil |
| 11:57 | Cleaving Attack |
| 12:04 | Improved Unholy Strength |
| 12:07 | Graveyard |
| 12:49 | Obsidian Statue |
| 12:56 | Orb of Corruption |
| 12:56 | Potion of Healing |
| 13:00 | Scroll of Town Portal |
| 13:11 | Gargoyle |
| 13:11 | Gargoyle |
| 13:16 | Obsidian Statue |
| 14:07 | Obsidian Statue |
| 14:09 | Unholy Armor |
| 14:17 | Creature Attack |
| 14:18 | Creature Carapace |
| 14:25 | Spirit Tower |
| 14:26 | Spirit Tower |
| 14:41 | Acid Bomb |
| 14:49 | Boots of Speed |
| 14:49 | Scroll of Town Portal |
| 14:53 | Scroll of Healing |
| 15:07 | Orb of Corruption |
| 15:28 | Scroll of Town Portal |
| 15:39 | Spirit Tower |
| 15:41 | Ziggurat |
| 16:24 | Sacrificial Pit |
| 17:14 | Spirit Tower |
| 17:39 | Spirit Tower |
| 17:41 | Gargoyle |
| 17:47 | Tomb of Relics |
| 18:15 | Acolyte |
| 18:18 | Banshee Adept Training |
| 19:27 | Potion of Healing |
| 19:51 | Banshee Master Training |
| 20:23 | Banshee |
| 20:27 | Acolyte |
| 20:43 | Spirit Tower |
| 21:41 | Banshee |
| 21:48 | Banshee |
| 22:25 | Scroll of Town Portal |
| 22:52 | Banshee |
| 22:52 | Banshee |
| 22:57 | Abomination |
| 23:13 | Advanced Unholy Strength |
| 23:15 | Improved Creature Attack |
| 23:54 | Disease Cloud |
| 24:12 | Scroll of Town Portal |
| 27:35 | Necropolis |
| 28:08 | Meat Wagon |
| 28:15 | Great Hall |
| 28:22 | Necropolis |
| 28:45 | Orc Burrow |
| 28:51 | War Mill |
| 29:31 | Great Hall |
| 29:32 | Orc Burrow |
| 29:54 | Boots of Speed |
| 29:54 | Scroll of Town Portal |
| 30:16 | Advanced Creature Attack |
| 30:21 | War Mill |
| 30:54 | Banshee |
| 30:54 | Banshee |
| 31:33 | Altar of Storms |
| 31:36 | Watch Tower |
| 32:20 | Peon |
| 32:20 | Peon |
| 32:21 | Peon |
| 32:34 | Peon |
| 32:47 | Watch Tower |
| 33:08 | Stronghold |
| 34:02 | Watch Tower |
| 34:17 | Great Hall |
| 36:06 | Healing Spray |
| 36:14 | Reinforced Defenses |
| 36:16 | Watch Tower |
| 37:11 | Watch Tower |
| 37:52 | Town Hall |
| 38:10 | Peon |
| 38:20 | Watch Tower |
| 38:47 | Watch Tower |
| 38:52 | Voodoo Lounge |
| 38:55 | Watch Tower |
| Right click | 1010 |
| Select | 830 |
| Select group | 580 |
| Misc. action | 153 |
| Build/train/purchase | 132 |
| Use ability | 51 |
| Assign group | 33 |
| Remove unit | 8 |
| Item give/drop | 3 |
| Minimap ping | 1 |


| Rod of Necromancy | 3 | 450 |
| Sacrificial Skull | 2 | 100 |
| Ritual Dagger | 1 | 125 |
| Potion of Healing | 3 | 450 |
| Orb of Corruption | 2 | 750 |
| Potion of Mana | 1 | 200 |
| Dust of Appearance | 1 | 75 |
| Scroll of Town Portal | 6 | 2100 |
| Scroll of Healing | 3 | 750 |
| Potion of Lesser Invulnerability | 2 | 300 |
| Staff of Teleportation | 1 | 150 |
| Orb of Fire | 1 | 325 |
| total: | 26 | 5775g |
| Acolyte | 16 | 1200 | / | 0 |
| Ghoul | 2 | 240 | / | 0 |
| Crypt Fiend | 17 | 3655 | / | 680 |
| Obsidian Statue | 14 | 2800 | / | 490 |
| Meat Wagon | 3 | 690 | / | 150 |
| Necromancer | 2 | 290 | / | 40 |
| total: | 54 | 8875g | / | 1360w |
| Nerubian Tower | 2 | 200 | / | 40 |
| Spirit Tower | 4 | 580 | / | 160 |
| Crypt | 4 | 800 | / | 200 |
| Altar of Darkness | 1 | 180 | / | 50 |
| Ziggurat | 11 | 1650 | / | 550 |
| Graveyard | 1 | 215 | / | 0 |
| Tomb of Relics | 1 | 130 | / | 30 |
| Necropolis | 5 | 1125 | / | 0 |
| Slaughterhouse | 1 | 140 | / | 135 |
| Sacrificial Pit | 1 | 75 | / | 150 |
| Boneyard | 1 | 175 | / | 200 |
| Halls of the Dead | 3 | 960 | / | 630 |
| Black Citadel | 2 | 650 | / | 460 |
| total: | 26 | 4490g | / | 1315w |
| 0:04 | Acolyte |
| 0:04 | Acolyte |
| 0:16 | Crypt |
| 0:21 | Altar of Darkness |
| 0:35 | Ziggurat |
| 0:59 | Graveyard |
| 1:14 | Tomb of Relics |
| 1:24 | Ghoul |
| 1:45 | Ghoul |
| 2:00 | Ziggurat |
| 2:26 | Death Coil |
| 2:28 | Crypt Fiend |
| 2:30 | Rod of Necromancy |
| 2:43 | Sacrificial Skull |
| 3:00 | Crypt Fiend |
| 3:28 | Crypt Fiend |
| 3:45 | Acolyte |
| 3:50 | Ritual Dagger |
| 4:22 | Halls of the Dead |
| 4:45 | Unholy Aura |
| 5:18 | Creature Attack |
| 5:27 | Necropolis |
| 5:31 | Ziggurat |
| 5:35 | Rod of Necromancy |
| 6:07 | Crypt Fiend |
| 6:24 | Death Coil |
| 6:52 | Slaughterhouse |
| 7:06 | Dust of Appearance |
| 7:21 | Acolyte |
| 7:21 | Acolyte |
| 7:21 | Acolyte |
| 7:21 | Acolyte |
| 7:24 | Nerubian Tower |
| 7:45 | Scroll of Town Portal |
| 7:52 | Frost Nova |
| 8:00 | Obsidian Statue |
| 8:27 | Black Citadel |
| 8:48 | Obsidian Statue |
| 8:50 | Potion of Healing |
| 9:02 | Sacrificial Skull |
| 9:03 | Rod of Necromancy |
| 9:14 | Scroll of Town Portal |
| 9:22 | Web |
| 9:26 | Ziggurat |
| 10:00 | Obsidian Statue |
| 10:03 | Sacrificial Pit |
| 10:26 | Improved Creature Attack |
| 10:27 | Creature Carapace |
| 10:56 | Destroyer Form |
| 10:57 | Acolyte |
| 12:16 | Frost Armor |
| 12:46 | Boneyard |
| 13:08 | Crypt Fiend |
| 13:08 | Crypt Fiend |
| 13:08 | Crypt Fiend |
| 13:11 | Death Pact |
| 13:52 | Crypt |
| 14:14 | Scroll of Town Portal |
| 14:50 | Halls of the Dead |
| 14:59 | Ziggurat |
| 15:06 | Necropolis |
| 15:08 | Nerubian Tower |
| 15:23 | Ziggurat |
| 15:31 | Crypt |
| 15:55 | Spirit Tower |
| 16:01 | Spirit Tower |
| 16:44 | Halls of the Dead |
| 17:45 | Crypt Fiend |
| 17:45 | Crypt Fiend |
| 18:17 | Potion of Lesser Invulnerability |
| 18:17 | Scroll of Healing |
| 18:26 | Crypt Fiend |
| 18:31 | Crypt |
| 18:53 | Improved Creature Carapace |
| 19:05 | Acolyte |
| 19:33 | Crypt Fiend |
| 19:44 | Obsidian Statue |
| 19:44 | Obsidian Statue |
| 19:44 | Obsidian Statue |
| 20:24 | Orb of Fire |
| 20:47 | Crypt Fiend |
| 20:47 | Crypt Fiend |
| 20:53 | Scroll of Town Portal |
| 21:13 | Black Citadel |
| 21:23 | Necropolis |
| 21:39 | Frost Nova |
| 23:15 | Ziggurat |
| 23:20 | Potion of Lesser Invulnerability |
| 23:34 | Spirit Tower |
| 23:47 | Crypt Fiend |
| 23:52 | Freezing Breath |
| 24:18 | Acolyte |
| 24:25 | Crypt Fiend |
| 24:50 | Crypt Fiend |
| 25:04 | Obsidian Statue |
| 25:05 | Obsidian Statue |
| 25:05 | Obsidian Statue |
| 27:06 | Acolyte |
| 27:06 | Acolyte |
| 27:06 | Acolyte |
| 27:06 | Acolyte |
| 27:22 | Potion of Healing |
| 27:25 | Orb of Corruption |
| 27:25 | Scroll of Healing |
| 28:06 | Ziggurat |
| 29:18 | Death Coil |
| 30:21 | Necropolis |
| 30:51 | Advanced Creature Attack |
| 30:58 | Ziggurat |
| 32:07 | Obsidian Statue |
| 32:07 | Obsidian Statue |
| 32:07 | Obsidian Statue |
| 32:13 | Dark Ritual |
| 33:50 | Acolyte |
| 33:50 | Acolyte |
| 34:56 | Crypt Fiend |
| 34:59 | Obsidian Statue |
| 34:59 | Obsidian Statue |
| 35:11 | Potion of Mana |
| 35:13 | Scroll of Town Portal |
| 35:14 | Orb of Corruption |
| 36:54 | Necropolis |
| 37:01 | Scroll of Healing |
| 37:50 | Ziggurat |
| 38:30 | Staff of Teleportation |
| 40:12 | Animate Dead |
| 40:25 | Ziggurat |
| 40:27 | Spirit Tower |
| 42:41 | Meat Wagon |
| 42:41 | Meat Wagon |
| 42:41 | Meat Wagon |
| 42:45 | Potion of Healing |
| 42:48 | Scroll of Town Portal |
| 43:09 | Skeletal Mastery |
| 43:10 | Necromancer Adept Training |
| 43:10 | Necromancer |
| 43:11 | Necromancer |
| 43:15 | Advanced Creature Carapace |
| Select group | 2951 |
| Right click | 1971 |
| Select | 413 |
| Build/train/purchase | 162 |
| Use ability | 91 |
| Misc. action | 82 |
| Minimap ping | 35 |
| Assign group | 34 |
| Item give/drop | 7 |
| Remove unit | 1 |
⇛
WillSW
(41:23) : 


| Scroll of Regeneration | 1 | 100 |
| Lesser Clarity Potion | 1 | 70 |
| Orb of Fire | 1 | 325 |
| Staff of Sanctuary | 1 | 250 |
| Scroll of Town Portal | 6 | 2100 |
| Orb of Corruption | 1 | 375 |
| Orb of Lightning | 1 | 375 |
| total: | 12 | 3595g |
| Peasant | 18 | 1350 | / | 0 |
| Footman | 6 | 810 | / | 0 |
| Siege Engine | 16 | 3120 | / | 960 |
| Mortar Team | 17 | 3060 | / | 1190 |
| total: | 57 | 8340g | / | 2150w |
| Scout Tower | 32 | 960 | / | 640 |
| Arcane Tower | 2 | 140 | / | 100 |
| Guard Tower | 12 | 840 | / | 600 |
| Altar of Kings | 1 | 180 | / | 50 |
| Farm | 14 | 1120 | / | 280 |
| Barracks | 1 | 160 | / | 60 |
| Lumber Mill | 1 | 120 | / | 0 |
| Blacksmith | 2 | 280 | / | 120 |
| Arcane Vault | 2 | 260 | / | 60 |
| Town Hall | 3 | 1155 | / | 615 |
| Arcane Sanctum | 2 | 300 | / | 280 |
| Workshop | 3 | 420 | / | 420 |
| Keep | 1 | 320 | / | 210 |
| Castle | 1 | 360 | / | 210 |
| total: | 61 | 4955g | / | 2525w |
| 0:02 | Peasant |
| 0:02 | Peasant |
| 0:06 | Altar of Kings |
| 0:08 | Farm |
| 0:10 | Peasant |
| 0:27 | Barracks |
| 0:53 | Farm |
| 0:58 | Peasant |
| 0:58 | Peasant |
| 1:03 | Peasant |
| 1:25 | Lumber Mill |
| 1:27 | Peasant |
| 1:36 | Footman |
| 1:45 | Farm |
| 1:53 | Scout Tower |
| 1:59 | Footman |
| 2:06 | Summon Water Elemental |
| 2:20 | Blacksmith |
| 2:24 | Arcane Tower |
| 2:32 | Footman |
| 2:39 | Footman |
| 2:53 | Arcane Vault |
| 2:54 | Arcane Vault |
| 3:10 | Improved Lumber Harvesting |
| 3:11 | Improved Masonry |
| 3:18 | Brilliance Aura |
| 3:31 | Keep |
| 3:57 | Defend |
| 4:06 | Farm |
| 4:28 | Footman |
| 4:30 | Blacksmith |
| 4:36 | Advanced Masonry |
| 4:48 | Scroll of Regeneration |
| 4:48 | Lesser Clarity Potion |
| 5:12 | Scout Tower |
| 5:29 | Footman |
| 5:40 | Guard Tower |
| 5:42 | Scout Tower |
| 5:56 | Summon Water Elemental |
| 6:08 | Peasant |
| 6:08 | Peasant |
| 6:19 | Guard Tower |
| 6:21 | Peasant |
| 7:02 | Town Hall |
| 7:03 | Scout Tower |
| 7:04 | Scout Tower |
| 7:06 | Scout Tower |
| 7:21 | Scout Tower |
| 7:41 | Arcane Tower |
| 7:48 | Castle |
| 8:09 | Arcane Sanctum |
| 8:12 | Arcane Sanctum |
| 8:29 | Guard Tower |
| 8:46 | Advanced Lumber Harvesting |
| 8:53 | Peasant |
| 8:53 | Peasant |
| 8:59 | Storm Bolt |
| 9:35 | Sorceress Adept Training |
| 9:36 | Priest Adept Training |
| 11:32 | Priest Master Training |
| 11:32 | Sorceress Master Training |
| 11:47 | Orb of Fire |
| 11:47 | Staff of Sanctuary |
| 11:53 | Holy Light |
| 12:29 | Long Rifles |
| 12:41 | Workshop |
| 12:43 | Workshop |
| 13:14 | Imbued Masonry |
| 13:43 | Farm |
| 13:43 | Farm |
| 13:44 | Farm |
| 13:45 | Farm |
| 13:46 | Scout Tower |
| 13:47 | Scout Tower |
| 13:47 | Scout Tower |
| 13:54 | Barrage |
| 13:54 | Siege Engine |
| 13:54 | Siege Engine |
| 13:59 | Brilliance Aura |
| 14:12 | Black Gunpowder |
| 14:31 | Peasant |
| 14:31 | Peasant |
| 15:13 | Siege Engine |
| 15:13 | Siege Engine |
| 15:17 | Thunder Clap |
| 15:59 | Farm |
| 16:00 | Farm |
| 17:53 | Refined Gunpowder |
| 18:01 | Scout Tower |
| 18:03 | Scout Tower |
| 18:05 | Scout Tower |
| 18:31 | Guard Tower |
| 18:32 | Scout Tower |
| 18:35 | Scout Tower |
| 18:36 | Scout Tower |
| 18:39 | Scout Tower |
| 18:39 | Scout Tower |
| 18:39 | Scout Tower |
| 19:40 | Guard Tower |
| 19:41 | Guard Tower |
| 19:42 | Siege Engine |
| 19:42 | Siege Engine |
| 19:43 | Siege Engine |
| 19:43 | Siege Engine |
| 20:05 | Scroll of Town Portal |
| 20:31 | Guard Tower |
| 20:50 | Town Hall |
| 21:15 | Workshop |
| 21:18 | Imbued Gunpowder |
| 21:59 | Scroll of Town Portal |
| 22:02 | Orb of Corruption |
| 22:10 | Siege Engine |
| 22:10 | Siege Engine |
| 22:16 | Farm |
| 22:17 | Farm |
| 22:18 | Farm |
| 22:20 | Farm |
| 23:02 | Siege Engine |
| 23:02 | Siege Engine |
| 23:25 | Siege Engine |
| 23:43 | Orb of Lightning |
| 23:56 | Scroll of Town Portal |
| 23:59 | Divine Shield |
| 25:07 | Siege Engine |
| 25:07 | Siege Engine |
| 25:11 | Storm Bolt |
| 25:23 | Siege Engine |
| 26:28 | Storm Bolt |
| 27:00 | Town Hall |
| 27:11 | Scroll of Town Portal |
| 27:49 | Scroll of Town Portal |
| 29:30 | Fragmentation Shards |
| 29:30 | Mortar Team |
| 29:31 | Mortar Team |
| 29:51 | Scout Tower |
| 30:02 | Peasant |
| 30:03 | Peasant |
| 30:03 | Peasant |
| 30:03 | Peasant |
| 30:18 | Guard Tower |
| 30:19 | Scout Tower |
| 30:36 | Mortar Team |
| 30:48 | Guard Tower |
| 30:59 | Scout Tower |
| 31:00 | Scout Tower |
| 31:04 | Mortar Team |
| 31:04 | Mortar Team |
| 31:34 | Guard Tower |
| 31:54 | Scout Tower |
| 32:27 | Scout Tower |
| 32:29 | Scout Tower |
| 32:31 | Guard Tower |
| 32:36 | Mortar Team |
| 32:36 | Mortar Team |
| 33:30 | Scout Tower |
| 33:46 | Mortar Team |
| 33:47 | Mortar Team |
| 33:47 | Mortar Team |
| 33:52 | Scout Tower |
| 34:18 | Guard Tower |
| 37:17 | Mortar Team |
| 37:17 | Mortar Team |
| 37:17 | Mortar Team |
| 37:20 | Mortar Team |
| 37:20 | Mortar Team |
| 38:43 | Mortar Team |
| 38:43 | Mortar Team |
| 39:31 | Scroll of Town Portal |
| 39:46 | Scout Tower |
| 40:07 | Scout Tower |
| 41:13 | Scout Tower |
| 41:13 | Scout Tower |
| Right click | 2335 |
| Select | 894 |
| Select group | 700 |
| Build/train/purchase | 261 |
| Misc. action | 249 |
| Assign group | 62 |
| Use ability | 40 |
| Minimap ping | 39 |
| Resource trade | 9 |
| Item give/drop | 3 |
| Remove unit | 3 |

| Healing Salve | 7 | 700 |
| Orb of Lightning | 1 | 375 |
| Scroll of Speed | 2 | 100 |
| Lesser Clarity Potion | 10 | 700 |
| Potion of Healing | 1 | 150 |
| Scroll of Healing | 2 | 500 |
| Scroll of Town Portal | 8 | 2800 |
| Potion of Lesser Invulnerability | 5 | 750 |
| Orb of Corruption | 1 | 375 |
| total: | 37 | 6450g |
| Peon | 6 | 450 | / | 0 |
| Wind Rider | 10 | 2650 | / | 400 |
| Kodo Beast | 2 | 510 | / | 120 |
| Troll Batrider | 33 | 5280 | / | 1320 |
| Goblin Shredder | 2 | 750 | / | 200 |
| total: | 53 | 9640g | / | 2040w |
| Watch Tower | 15 | 1650 | / | 1200 |
| Altar of Storms | 1 | 180 | / | 50 |
| Orc Burrow | 5 | 800 | / | 200 |
| War Mill | 1 | 205 | / | 0 |
| Voodoo Lounge | 1 | 130 | / | 30 |
| Great Hall | 4 | 1540 | / | 740 |
| Beastiary | 6 | 870 | / | 840 |
| Stronghold | 4 | 1260 | / | 760 |
| Fortress | 2 | 650 | / | 380 |
| total: | 33 | 5375g | / | 3060w |
| 0:02 | Peon |
| 0:03 | Peon |
| 0:06 | Altar of Storms |
| 0:09 | Orc Burrow |
| 0:33 | War Mill |
| 0:42 | Peon |
| 0:58 | Peon |
| 1:01 | Peon |
| 1:13 | Peon |
| 1:24 | Voodoo Lounge |
| 2:07 | Critical Strike |
| 2:16 | Stronghold |
| 2:34 | Orc Burrow |
| 2:43 | Healing Salve |
| 2:43 | Healing Salve |
| 3:29 | Orc Burrow |
| 3:50 | Steel Armor |
| 4:40 | Beastiary |
| 4:41 | Fortress |
| 5:01 | Goblin Shredder |
| 5:30 | Beastiary |
| 5:36 | Wind Walk |
| 5:59 | Steel Ranged Weapons |
| 6:00 | Wind Rider |
| 6:08 | Orc Burrow |
| 6:19 | Thorium Armor |
| 7:13 | Envenomed Spears |
| 7:14 | Wind Rider |
| 7:14 | Wind Rider |
| 7:28 | Great Hall |
| 7:45 | Thorium Ranged Weapons |
| 7:58 | Wind Walk |
| 8:07 | Wind Rider |
| 8:07 | Wind Rider |
| 8:53 | Wind Rider |
| 8:53 | Wind Rider |
| 9:13 | Critical Strike |
| 9:26 | Wind Rider |
| 9:26 | Wind Rider |
| 9:43 | Reinforced Defenses |
| 10:20 | Wind Rider |
| 11:15 | Arcanite Ranged Weapons |
| 11:38 | Spiked Barricades |
| 12:07 | Critical Strike |
| 12:17 | Potion of Lesser Invulnerability |
| 12:18 | Scroll of Healing |
| 12:35 | Liquid Fire |
| 12:36 | Kodo Beast |
| 12:36 | Kodo Beast |
| 12:38 | Troll Batrider |
| 12:40 | Troll Batrider |
| 12:40 | Troll Batrider |
| 13:10 | Orb of Lightning |
| 13:19 | Scroll of Town Portal |
| 14:08 | Great Hall |
| 14:10 | Watch Tower |
| 14:19 | Watch Tower |
| 15:01 | Watch Tower |
| 15:12 | Watch Tower |
| 15:32 | Watch Tower |
| 15:38 | Watch Tower |
| 15:55 | Healing Salve |
| 15:56 | Scroll of Speed |
| 16:04 | Watch Tower |
| 16:05 | Watch Tower |
| 16:08 | Watch Tower |
| 16:48 | Watch Tower |
| 16:51 | Watch Tower |
| 17:02 | Stronghold |
| 18:07 | Watch Tower |
| 18:14 | Watch Tower |
| 18:16 | Watch Tower |
| 18:17 | Watch Tower |
| 18:31 | Stronghold |
| 18:50 | Goblin Shredder |
| 19:35 | Orc Burrow |
| 19:45 | Great Hall |
| 20:02 | Lesser Clarity Potion |
| 20:02 | Scroll of Speed |
| 20:04 | Lesser Clarity Potion |
| 20:54 | Fortress |
| 21:19 | Great Hall |
| 21:29 | Improved Spiked Barricades |
| 22:03 | Beastiary |
| 22:16 | Beastiary |
| 23:08 | Troll Batrider |
| 23:08 | Troll Batrider |
| 23:19 | Troll Batrider |
| 23:19 | Troll Batrider |
| 23:20 | Troll Batrider |
| 23:57 | Beastiary |
| 23:58 | Beastiary |
| 25:12 | Troll Batrider |
| 25:12 | Troll Batrider |
| 25:25 | Bladestorm |
| 25:33 | Troll Batrider |
| 25:46 | Scroll of Town Portal |
| 25:47 | Scroll of Healing |
| 25:47 | Potion of Lesser Invulnerability |
| 25:49 | Potion of Lesser Invulnerability |
| 26:08 | Troll Batrider |
| 26:08 | Troll Batrider |
| 26:08 | Troll Batrider |
| 26:41 | Potion of Healing |
| 26:44 | Orb of Corruption |
| 26:52 | Troll Batrider |
| 27:09 | Healing Salve |
| 27:13 | Scroll of Town Portal |
| 27:49 | Troll Batrider |
| 27:49 | Troll Batrider |
| 28:12 | Potion of Lesser Invulnerability |
| 28:48 | Troll Batrider |
| 28:48 | Troll Batrider |
| 30:08 | Scroll of Town Portal |
| 30:09 | Healing Salve |
| 30:11 | Lesser Clarity Potion |
| 30:14 | Lesser Clarity Potion |
| 31:45 | Troll Batrider |
| 31:45 | Troll Batrider |
| 31:45 | Troll Batrider |
| 31:45 | Troll Batrider |
| 31:45 | Troll Batrider |
| 32:09 | Scroll of Town Portal |
| 32:10 | Lesser Clarity Potion |
| 32:13 | Lesser Clarity Potion |
| 33:15 | Troll Batrider |
| 33:18 | Stronghold |
| 34:21 | Wind Walk |
| 34:48 | Troll Batrider |
| 34:48 | Troll Batrider |
| 35:06 | Troll Batrider |
| 35:06 | Troll Batrider |
| 36:03 | Troll Batrider |
| 36:03 | Troll Batrider |
| 36:42 | Scroll of Town Portal |
| 36:42 | Healing Salve |
| 36:47 | Lesser Clarity Potion |
| 37:07 | Lesser Clarity Potion |
| 37:49 | Potion of Lesser Invulnerability |
| 39:36 | Scroll of Town Portal |
| 39:37 | Lesser Clarity Potion |
| 39:39 | Lesser Clarity Potion |
| 39:41 | Healing Salve |
| 40:50 | Scroll of Town Portal |
| 42:05 | Bash |
| 42:43 | Mirror Image |
| 42:55 | Troll Batrider |
| 42:55 | Troll Batrider |
| Right click | 1123 |
| Select | 461 |
| Build/train/purchase | 184 |
| Use ability | 57 |
| Resource trade | 11 |
| Item give/drop | 10 |
| Remove unit | 9 |
| Minimap ping | 3 |
| Assign group | 1 |